 Dungeon Crawl Stone Soup version 0.28.0-45-g0d030f2227 (webtiles) character file.

Game seed: 6246731472978645817

336 issech the Cudgeller (level 6, -4/61 HPs)
             Began as a Troll Monk on Apr 11, 2022.
             Slain by a scorpion (5 damage)
             ... on level 4 of the Dungeon.
             The game lasted 00:14:43 (3760 turns).

issech the Cudgeller (Troll Monk)                   Turns: 3760, Time: 00:14:44

Health: -4/61      AC: 13    Str: 20    XL:     6   Next: 28%
Magic:  5/5        EV: 11    Int:  6    God:
Gold:   90         SH:  0    Dex: 14    Spells: 5/5 levels left

rFire   . . .      SeeInvis .   u - +2 short sword (protect)
rCold   . . .      Faith    .   (no shield)
rNeg    . . .      Spirit   .   s - +2 robe
rPois   .          Reflect  .   (helmet restricted)
rElec   .          Harm     .   (no cloak)
rCorr   .          Rampage  .   (gloves unavailable)
Will    .....                   (boots unavailable)
Stlth   ++........              (no amulet)
HPRegen 1.00/turn               p - ring of flight
MPRegen 0.09/turn               (no ring)

@: lethally poisoned (-4 -> -5), under a protective aura, flying
A: large, unfitting armour, claws 3, regeneration 1, shaggy fur 1, tough skin 1
a: no special abilities


You were on level 4 of the Dungeon.
You visited 1 branch of the dungeon, and saw 4 of its levels.

You collected 90 gold pieces.

Inventory:

Hand Weapons
 a - a +0 mace
 o - a +0 vampiric scythe
 u - a +2 short sword of protection (weapon)
Missiles
 c - 65 arrows
 f - 156 stones
 t - 4 poisoned darts (quivered)
 z - 54 bolts
Armour
 b - a +0 robe
 s - a +2 robe (worn)
Magical Staves
 v - a staff of cold
Jewellery
 p - a ring of flight (left claw)
Scrolls
 e - a scroll of teleportation
 h - a scroll of fog {unknown}
 l - a scroll of blinking {unknown}
 n - a scroll of identify {unknown}
 w - 3 scrolls of enchant weapon {unknown}
 x - a scroll of enchant armour {unknown}
 y - a scroll of immolation {unknown}
 A - a scroll of vulnerability {unknown}
Potions
 d - a potion of heal wounds {unknown}
 g - a potion of degeneration {unknown}
 i - a potion of brilliance {unknown}
 j - a potion of attraction {unknown}
 k - a potion of ambrosia {unknown}
 m - a potion of haste {unknown}
 q - a potion of flight {unknown}
 r - 2 potions of curing {unknown}


   Skills:
 + Level 3.2 Fighting
 + Level 1.1 Short Blades
 + Level 4.1 Maces & Flails
 + Level 1.7 Throwing
 + Level 3.7 Dodging
 + Level 1.3 Stealth


You had 5 spell levels left.
You didn't know any spells.
Your spell library contained the following spells:

 Spells                   Type           Power      Damage    Failure   Level
 Ensorcelled Hibernation  Hex/Ice        0%         N/A       58%         2
 Spider Form              Tmut/Pois      0%         N/A       83%         3
 Anguish                  Hex/Necr       0%         N/A       99%         4


Dungeon Overview and Level Annotations

Branches:
Dungeon (4/15)
 Temple: D:4-7

Altars:
Okawaru
Qazlal
Yredelemnul
The Shining One

Shops:
D:2 (


Innate Abilities, Weirdness & Mutations

You are too large for most types of armour.
You have claws for hands.
Your natural rate of healing is unusually fast.
You are covered in fur. (AC +1)
You have tough skin. (AC +1)


Message History

The scorpion is moderately wounded.
You feel sick. The scorpion stings you.
You are more poisoned.
The scorpion poisons you!
You hit the scorpion.
The scorpion is heavily wounded.
You feel very sick. The scorpion misses you. The scorpion stings you.
You are more poisoned.
The scorpion poisons you!
You closely miss the scorpion.
The scorpion is heavily wounded.
You feel extremely sick. The scorpion stings you.
You are lethally poisoned!
The scorpion poisons you!
You puncture the scorpion!
The scorpion is almost dead.
* * * LOW HITPOINT WARNING * * *
You feel extremely sick.
The scorpion stings you but does no damage.
* * * LOW HITPOINT WARNING * * *
You feel very sick.
You barely miss the scorpion.
The scorpion is almost dead.
* * * LOW HITPOINT WARNING * * *
You feel very sick.
The scorpion stings you but does no damage. x2
* * * LOW HITPOINT WARNING * * *
You feel very sick.
* * * LOW HITPOINT WARNING * * *
You feel very sick.
* * * LOW HITPOINT WARNING * * *
You feel sick.
You hit the scorpion.
Your weapon exudes an aura of protection.
The scorpion is almost dead.
* * * LOW HITPOINT WARNING * * *
You feel sick. The scorpion stings you.
You die...

.....# .....# ......#
#######+# #.....+
#.......#######.....#
#...................#
#...........#.#.....#
##.###..###...@.#..
######..#s#.########
#.....'.....'......#
#.....#.....#......#
##....#....##.....##
#.#####...##.....##
#.......#+##......#
######### #.......#
.. ##.....##


You could see a scorpion.

Vanquished Creatures
  Sigmund (D:2)
  Natasha (thrice) (D:3)
  A scorpion zombie (D:3)
  2 adders
  An orc (D:3)
  6 bats
  7 endoplasms
  2 giant cockroaches
  5 goblins
  9 hobgoblins
  8 kobolds
  4 quokkas
  6 ball pythons
  2 frilled lizards (D:2)
  A rat (D:1)
58 creatures vanquished.

Vanquished Creatures (others)
  A kobold (D:3)
1 creature vanquished.

Grand Total: 59 creatures vanquished

Notes
Turn   | Place    | Note
-------+----------+-------------------------------------------
     0 | D:1      | issech the Troll Monk began the quest for the Orb.
     0 | D:1      | Reached XP level 1. HP: 22/22 MP: 0/0
    65 | D:1      | Reached XP level 2. HP: 26/29 MP: 1/1
   113 | D:1      | Reached skill level 3 in Maces & Flails
   460 | D:1      | Reached XP level 3. HP: 36/36 MP: 2/2
   623 | D:1      | Found a faded altar of an unknown god.
   892 | D:2      | Found Kiheriun's Antique Weapon Boutique.
  1082 | D:2      | Noticed Sigmund
  2231 | D:2      | Killed Sigmund
  2232 | D:2      | Reached skill level 4 in Maces & Flails
  2232 | D:2      | Reached skill level 1 in Throwing
  2232 | D:2      | Reached XP level 4. HP: 37/45 MP: 3/3
  2232 | D:2      | Reached XP level 5. HP: 44/53 MP: 4/4
  2605 | D:3      | Found a stormy altar of Qazlal.
  2747 | D:3      | Found a faded altar of an unknown god.
  2999 | D:3      | Found a basalt altar of Yredelemnul.
  3001 | D:3      | Found a glowing golden altar of the Shining One.
  3006 | D:3      | Noticed an angel
  3014 | D:3      | Noticed a profane servitor
  3059 | D:3      | Found an iron altar of Okawaru.
  3179 | D:3      | Noticed Natasha
  3189 | D:3      | Killed Natasha
  3190 | D:3      | Reached XP level 6. HP: 57/61 MP: 5/5
  3382 | D:3      | Noticed Natasha
  3396 | D:3      | Killed Natasha
  3410 | D:3      | Noticed Natasha
  3417 | D:3      | Killed Natasha
  3418 | D:3      | Reached skill level 1 in Short Blades
  3758 | D:4      | HP: 3/61 [poisoned by a scorpion]
  3760 | D:4      | HP: 1/61 [poisoned by a scorpion]
  3760 | D:4      | Slain by a scorpion

Illustrated notes

Levels and vault maps discovered:
D:1:      roderic_chinese_lattice_arrival, layout_basic,
          shapermc_ecumenical_altar_hornbeckon
D:2:      minmay_angry_zag, layout_basic, serial_shops, nicolae_shop_waterfront,
          patterned_corridor, uniq_sigmund
D:3:      layout_basic, grunt_temple_overflow_holy_war,
          nicolae_qazlal_general_emergency, nicolae_overflow_ecumenical_swirl,
          grunt_decor_one_mirror, kennysheep_minor_cross, minmay_hedge_maze,
          kennysheep_cluttered_room, uniq_natasha
D:4:      layout_gridville, serial_co_window_serial, co_window_corner_a,
          co_window_paths_a, co_window_paths_b, co_window_of_opportunity_a,
          co_window_of_opportunity_a, co_window_paths_a, co_window_paths_b,
          co_window_paths_a, co_window_paths_a, co_window_broadway_c,
          co_window_paths_c, co_window_cross_2, glass_columns_a,
          glass_columns_a, glass_columns_b

Skill      XL: |  1  2  3  4  5  6 |
---------------+-------------------+-----
Maces & Flails | 3 4 |  4.1
Fighting       | 3 |  3.2
Throwing       | 1 |  1.7
Dodging        | 3 |  3.7
Short Blades   | 1 |  1.1
Stealth        | |  1.3

Action                   |  1- 3 |  4- 6 || total
-------------------------+-------+-------++-------
Melee: Mace              |   112 |    10 ||   122
       Short sword       |       |   126 ||   126
       Punch             |       |     2 ||     2
Throw: Stone             |    33 |       ||    33
       Dart              |    15 |       ||    15
  Use: Scroll            |     1 |       ||     1
 Stab: Sleeping          |       |     3 ||     3
Armor: Robe              |    50 |    67 ||   117
Dodge: Dodged            |    73 |    96 ||   169
